 Dungeon Crawl Stone Soup version 0.30-a0-719-gcc4359ea44 (webtiles) character file.

Game seed: 2775949164772920632

116 kae the Changer (level 4, -1/32 HPs)
             Began as a Demonspawn Transmuter on Jan 26, 2023.
             Slain by a hound (5 damage)
             ... on level 3 of the Dungeon.
             The game lasted 00:02:06 (2181 turns).

kae the Changer (Demonspawn Transmuter)             Turns: 2181, Time: 00:02:06

Health: -1/32      AC:  2    Str: 11    XL:     4   Next: 69%
Magic:  8/8        EV: 12    Int: 16    God:
Gold:   91         SH:  0    Dex: 13    Spells: 2/8 levels left

rFire   . . .      SeeInvis .      - Unarmed
rCold   . . .      Faith    .    (no shield)
rNeg    . . .      Spirit   .    a - +0 robe
rPois   .          Reflect  .    (helmet currently unavailable)
rElec   .          Harm     .    (no cloak)
rCorr   +          Rampage  .    (no gloves)
Will    .....                    (boots currently unavailable)
Stlth   +                        (no amulet)
HPRegen 0.25/turn                R - ring of resist corrosion
MPRegen 0.11/turn                (no ring)

@: appendages (expiring)
A: horns 2, talons 2, weakness stinger 1
a: End Transformation


You were on level 3 of the Dungeon.
You had temporarily grown beastly horns and talons.
You visited 1 branch of the dungeon, and saw 3 of its levels.

You collected 91 gold pieces.


Innate Abilities, Weirdness & Mutations

You have temporarily grown beastly horns and talons.
You have a small tail.


   Skills:
 - Level 1.0 Fighting
 - Level 1.7 Dodging
 + Level 3.3 Unarmed Combat
 + Level 2.8 Spellcasting
 * Level 3.4 Transmutations


You had 2 spell levels left.
You knew the following spells:

 Your Spells              Type           Power      Damage    Failure   Level
a - Beastly Appendage     Tmut           26%        N/A       4%          1
b - Wereblood             Tmut           13%        N/A       7%          2
c - Spider Form           Tmut/Pois      7%         N/A       28%         3

Your spell library contained the following spells:

 Spells                   Type           Power      Damage    Failure   Level
 Ice Form                 Ice/Tmut       7%         N/A       67%         4

Inventory:

Missiles
 c - 30 stones
 d - 17 poisoned darts
 f - 4 boomerangs
Armour
 a - a +0 robe (worn)
Jewellery
 A - an amulet of the acrobat
   (You found it on level 3 of the Dungeon)
 R - a ring of resist corrosion (left hand)
   (You found it on level 3 of the Dungeon)
Scrolls
 e - a scroll of enchant armour
 h - a scroll of teleportation {unknown}
Potions
 b - 2 potions of lignification {!q}
 g - a potion of curing {@q1}

Dungeon Overview and Level Annotations

Branches:
Dungeon (3/15) Zot: 15825

Altars:

...........######.###.#..........
.#.......>..##..............#.###
.........#............#.##.#.##
.#......##...#.#......#.##.###
.#...#.###............>......#
.#....)....#.#.##.#...#.##.#.#
#####..#####..........#.##.#.#
......## ###.............#.#
.#..#.# ###@.#.###.####.# .#..#.#
#h.#.###.###..# ....#.######
#.....##.##.#.## ....#......#
##..........###.# #....#####.#
##......#.###.#.## ###.##
#.###..##.# ##..#### #.# #.#
#..##.# #...... #.# #.###.###.#
#..#### #.# #....####.## #..####


You could see a hound.


Message History

Your hp is fully restored (32).
Unknown command.
There is an escape hatch in the ceiling here.
h - a scroll labelled LECAHI ENA HET Unknown command.
There is a stone staircase leading down here.
A hound comes into view.
The hound barks!
A hound is nearby!
A hound is nearby!
The hound bites you. 😕 HP[-3]
You take 3 damage, and now have 29/32 hp.
Casting: Beastly Appendage (safe; 4% risk of failure)
Confirm with . or Enter, or press ? or * to list all spells.
You grow a pair of large bovine horns.
Your feet morph into talons.
The hound completely misses you. The hound bites you. x2 😮 HP[-6] MP[-1]
You take 6 damage, and now have 23/32 hp.
You lost 1 mp, and now have 7/8 mp.
You closely miss the hound.
Your tail-slap misses the hound.
The hound closely misses you.
You closely miss the hound. Your kick misses the hound. You headbutt the hound.
The hound completely misses you.
You barely miss the hound. Your kick misses the hound.
You tail-slap the hound, but do no damage.
The hound bites you but does no damage. The hound closely misses you.
You closely miss the hound.
The hound closely misses you. 😮 HP[+1] Unknown command.
Casting: Beastly Appendage (safe; 4% risk of failure)
Confirm with . or Enter, or press ? or * to list all spells.
You extend your transformation's duration.
The hound closely misses you. x2
The hound bites you. 😮 HP[-4] MP[-1]
You take 4 damage, and now have 20/32 hp.
You lost 1 mp, and now have 6/8 mp.
You are too injured to fight recklessly!
You are too injured to fight recklessly!
You hit the hound. Your kick misses the hound.
Your tail-slap misses the hound.
The hound closely misses you. The hound bites you. 😮 HP[-2]
You take 2 damage, and now have 18/32 hp.
Unknown command.
You barely miss the hound.
The hound barely misses you. 😮 HP[+1] MP[+1] Unknown command.
You barely miss the hound.
You headbutt the hound, but do no damage.
The hound bites you. The hound closely misses you. 😮 HP[-1]
You take 1 damage, and now have 18/32 hp.
Unknown command.
You barely miss the hound. Your headbutt misses the hound.
The hound bites you but does no damage.
You closely miss the hound. The hound bites you.
* * * LOW HITPOINT WARNING * * *
😨 HP[-3]
You take 3 damage, and now have 15/32 hp.
Unknown command.
You closely miss the hound. You claw the hound, but do no damage.
The hound bites you.
* * * LOW HITPOINT WARNING * * *
The hound bites you.
* * * LOW HITPOINT WARNING * * *
😨 HP[-2]
You take 2 damage, and now have 13/32 hp.
You closely miss the hound. Your kick misses the hound.
Your tail-slap misses the hound.
The hound closely misses you.
Unknown command.
You hit the hound. The hound bites you.
* * * LOW HITPOINT WARNING * * *
The hound closely misses you. 😱 HP[-5]
You take 5 damage, and now have 8/32 hp.
Unknown command.
You hit the hound but do no damage. Your headbutt misses the hound.
The hound closely misses you.
Unknown command.
You hit the hound. Your kick misses the hound. You punch the hound.
The hound bites you.
* * * LOW HITPOINT WARNING * * *
The hound closely misses you. 😱 HP[-1]
You take 1 damage, and now have 7/32 hp.
You closely miss the hound. You claw the hound.
The hound barely misses you. 😱 HP[+1] MP[+1]
Your mp is fully restored (8).
Unknown command.
You closely miss the hound. Your headbutt misses the hound.
Your transformation is almost over.
The hound stops to sniff the ground.
The hound closely misses you. The hound bites you.
* * * LOW HITPOINT WARNING * * *
😱 HP[-4]
You take 4 damage, and now have 4/32 hp.
You barely miss the hound. The hound bites you.
You die...

Skill      XL: |  1  2  3 |
---------------+----------+-----
Transmutations | 2 3 |  3.4
Unarmed Combat | 3 |  3.3
Fighting       | |  1.0
Dodging        | |  1.7
Spellcasting   | |  2.8

Action                     |  1- 3 |  4- 6 || total
---------------------------+-------+-------++-------
  Melee: Unarmed           |    84 |    39 ||   123
         Kick              |    10 |     6 ||    16
         Headbutt          |     6 |     8 ||    14
         Tailslap          |     4 |     3 ||     7
         Punch             |     2 |     2 ||     4
   Cast: Beastly Appendage |    26 |     6 ||    32
         Spider Form       |     1 |       ||     1
    Use: Scroll            |     4 |     1 ||     5
 Armour: Robe              |    13 |     3 ||    16
         Skin              |     1 |       ||     1
  Dodge: Dodged            |    44 |    32 ||    76

Levels and vault maps discovered:
D:1:      dpeg_arrival_pits, layout_basic, serial_forest,
          infiniplex_forest_straight_3, infiniplex_forest_clump_small,
          infiniplex_forest_side_room, infiniplex_forest_clump_medium,
          infiniplex_forest_corner_2, infiniplex_forest_lined_room_,
          infiniplex_forest_lined_2, minmay_shallow_snake_nest
D:2:      layout_rooms, minmay_pentomino_w2
D:3:      layout_loops_ring

Notes
Turn   | Place    | Note
-------+----------+-------------------------------------------
     0 | D:1      | kae the Demonspawn Transmuter began the quest for the Orb.
     0 | D:1      | Reached XP level 1. HP: 15/15 MP: 3/3
     0 | D:1      | magus.rc [v1.11.3]
    77 | D:1      | Reached skill level 2 in Transmutations
   130 | D:1      | Gained mutation: You have a small tail. [demonic ancestry]
   130 | D:1      | Reached XP level 2. HP: 21/21 MP: 3/5
   192 | D:1      | Learned a level 2 spell: Wereblood
   736 | D:1      | Reached skill level 3 in Unarmed Combat
  1056 | D:2      | Reached XP level 3. HP: 22/26 MP: 4/6
  1060 | D:2      | Learned a level 3 spell: Spider Form
  1750 | D:3      | Noticed a necrophage
  1765 | D:3      | Killed a necrophage
  1766 | D:3      | Reached skill level 3 in Transmutations
  1766 | D:3      | Reached XP level 4. HP: 31/32 MP: 4/8
  2176 | D:3      | HP: 8/32 [hound (5)]
  2181 | D:3      | Slain by a hound

Vanquished Creatures
  A necrophage (D:3)
  An adder (D:2)
  A dart slug (D:3)
  An orc (D:3)
  5 endoplasms
  2 giant cockroaches (D:1)
  7 goblins
  2 hobgoblins
  2 quokkas
  7 ball pythons
  2 bats
  3 frilled lizards (D:1)
  3 kobolds
  6 rats
43 creatures vanquished.

Vanquished Creatures (others)
  A plant (D:1)
1 creature vanquished.

Grand Total: 44 creatures vanquished

Table legend:
 A = Non-vault XP
 B = Vault XP
 C = Vault XP percentage of total XP
 D = Non-vault monster count
 E = Vault monster count
 F = Vault count percentage of total count
                 A         B        C        D         E       F
            +---------+---------+-------+---------+---------+-------
      Total |     156 |      10 |   6.0 |      36 |       7 |  16.3
            +---------+---------+-------+---------+---------+-------
        D:1 |      32 |       8 |  20.0 |      20 |       5 |  20.0
        D:2 |      28 |       2 |   6.7 |       9 |       2 |  18.2
        D:3 |      96 |       0 |   0.0 |       7 |       0 |   0.0
            +---------+---------+-------+---------+---------+-------

Illustrated notes

Table legend:
 A = Kills in this place as a percentage of kills in entire the game.
 B = Kills by you in this place as a percentage of kills by you in the entire game.
 C = Kills by friends in this place as a percentage of kills by friends in the entire game.
 D = Other kills in this place as a percentage of other kills in the entire game.
 E = Experience gained in this place as a percentage of experience gained in the entire game.
 F = Experience gained in this place divided by the number of levels of this place that you have seen.
                   A       B       C       D       E      F
               +-------+-------+-------+-------+-------+----------------------
         Total | 100.0 | 100.0 |   N/A |   N/A | 100.0 |  55.3
       Dungeon | 100.0 | 100.0 |   N/A |   N/A | 100.0 |  55.3
               +-------+-------+-------+-------+-------+----------------------

Table legend: (Time is in decaauts)
 A = Elapsed time spent in this place.
 B = Non-inter-level travel time spent in this place.
 C = Inter-level travel time spent in this place.
 D = Time resting spent in this place.
 E = Time spent auto-exploring this place.
 F = Levels seen in this place.
 G = Mean time per level.
                   A        B        C        D        E       F      G
               +--------+--------+--------+--------+--------+-----+--------+
         Total |   2174 |   2112 |     62 |      0 |   1764 |   3 |  724.7 |
       Dungeon |   2174 |   2112 |     62 |      0 |   1764 |   3 |  724.7 |
               +--------+--------+--------+--------+--------+-----+--------+

Top non-repeatable levels by time:
     D:1: 1041 daAuts
     D:2: 609 daAuts
     D:3: 523 daAuts
